AoeStats
← Coley

Arabia

509737842Analyzed
1v1 RM · 3d ago on Sep 27, 2026· 62m 26s· 2 players
Game mode
Random Map
Map size
Tiny (2 player)
Population
200
Speed
Normal
Resources
Standard
Victory
Conquest
Starting age
Dark Age
Ending age
Imperial Age
RankedLock teamsTeams togetherTeam positionsShared explorationLock speedFull tech treeHidden civsTurbo modeCheats
Victory
Defeat
🇪🇸 Byzantines · Spain
874
+15
🇦🇺 Vietnamese · Australia
859
-15
Coley
8:03 Loom
10:21 Feudal Age
11:19 Horse Collar
11:29 Double-Bit Axe
19:20 Fletching
22:05 Castle Age
22:33 Crossbowman
23:29 Bodkin Arrow
25:06 Padded Archer Armor
25:22 Bow Saw
25:50 Wheelbarrow
35:49 Thumb Ring
40:43 Imperial Age
40:58 Arbalester
41:41 Bracer
46:15 Ballistics
46:58 Chemistry
46:30 Bloodlines
45:41 Light Cavalry
45:44 Light Cavalry
50:26 Hand Cart
sombralibre
6:32 Loom
10:04 Feudal Age
11:57 Double-Bit Axe
16:39 Castle Age
19:33 Elite Skirmisher
21:11 Padded Archer Armor
23:26 Fletching
24:11 Horse Collar
26:14 Leather Archer Armor
27:51 Wheelbarrow
31:23 Bodkin Arrow
39:40 Imperial Age
38:51 Thumb Ring
40:47 Bracer
41:53 Chemistry
41:14 Ballistics
43:47 Conscription
49:10 Heavy Cavalry Archer
52:09 Ring Archer Armor
52:40 Bow Saw
55:53 Two-Man Saw
Connection lost

Rejoining the realm…

Still unreachable

The connection could not be restored.

Session expired

The server has moved on; the page needs a fresh start.